 Dungeon Crawl Stone Soup version 0.20-a0-1127-g1289703 (webtiles) character file.

25 Manul the Skirmisher (level 3, 0/32 (33) HPs)
             Began as a Ghoul Monk on May 18, 2017.
             Slain by a kobold (2 damage)
             ... on level 2 of the Dungeon.
             The game lasted 00:01:26 (897 turns).

Manul the Skirmisher (Ghoul Monk)                    Turns: 897, Time: 00:01:27

HP:   0/32 (33)     AC:  8    Str: 15    XL:     3   Next: 6%
MP:   2/2           EV:  7    Int:  5    God:
Gold: 100           SH:  0    Dex: 14    Spells: 2/2 levels left

rFire    . . .     SeeInvis .     - Unarmed
rCold    + . .     Gourm    .   (no shield)
rNeg     + + +     Faith    .   i - +0 chain mail
rPois    ∞         Spirit   .   (no helmet)
rElec    .         Reflect  .   (no cloak)
rCorr    .         Harm     .   (no gloves)
MR       .....                  (no boots)
Stlth    ..........             (no amulet)
Regen    0.0/turn               d - +3 ring of dexterity
MPRegen  0.1/turn               (no ring)

@: rotting
A: rotting body, claws 1, carnivore 3, cold resistance 1, negative energy
resistance 3, inhibited regeneration, torment resistance, unbreathing
a: no special abilities


You were on level 2 of the Dungeon.
You were not hungry.

You visited 1 branch of the dungeon, and saw 2 of its levels.

You collected 100 gold pieces.

Inventory:

Armour
 a - a +0 robe
 i - a +0 chain mail (worn)
Jewellery
 d - a +3 ring of dexterity (left claw)
Scrolls
 e - a scroll of teleportation {unknown}
 g - 2 scrolls of identify {unknown}
Potions
 h - a potion of curing {unknown}
Comestibles
 b - a meat ration
 c - 2 royal jellies
 f - 3 chunks of flesh


   Skills:
 + Level 3.7 Fighting
 + Level 3.1 Dodging
 - Level 2.2 Stealth
 + Level 3.7 Unarmed Combat


You had 2 spell levels left.
You didn't know any spells.

Dungeon Overview and Level Annotations

Branches:
Dungeon (2/15)

Altars:


Innate Abilities, Weirdness & Mutations

Your body is rotting away.
You thrive on raw meat.
You are immune to poison.
You have sharp fingernails.
You are carnivorous and can eat meat at any time.
Your flesh is cold resistant. (rC+)
You are immune to negative energy. (rN+++)
You do not regenerate when monsters are visible.
You are immune to unholy pain and torment.
You can survive without breathing.


Message History

The kobold hits you.
* * * LOW HITPOINT WARNING * * *
The frilled lizard unfolds its giant frill.
The frilled lizard bites you but does no damage.
The kobold barely misses you.
The frilled lizard bites you but does no damage.
The kobold barely misses you.
The frilled lizard bites you but does no damage.
The kobold closely misses you.
The frilled lizard hisses.
The frilled lizard bites you but does no damage.
The kobold hits you but does no damage.
The frilled lizard bites you but does no damage.
The kobold hits you.
* * * LOW HITPOINT WARNING * * *
The frilled lizard closely misses you. The kobold hits you but does no damage.
The frilled lizard bites you but does no damage.
The kobold hits you but does no damage. The frilled lizard closely misses you.
The kobold hits you.
You die...

#.......########.##.#.##
.#+###'##### #.##.#.#
#.....#####'##...#
#..............#.#
#..............#.#
#..............#.#
#.....#####'##+#+##
#.....# #........
#.@...# #........
#.lK....# #........
#.......# #........
#.......# #...<....
........+..........
.#.......######....#
..#.####.... .....# . #.
.... .....# ......#


You could see a kobold and a frilled lizard.

Vanquished Creatures
  2 worms (D:2)
  A leopard gecko (D:2)
  3 goblins (D:1)
  2 hobgoblins
  3 kobolds (D:1)
  A quokka (D:2)
  4 frilled lizards
  3 rats (D:1)
19 creatures vanquished.

Notes
Turn   | Place    | Note
-------+----------+-------------------------------------------
     0 | D:1      | Manul the Ghoul Monk began the quest for the Orb.
     0 | D:1      | Reached XP level 1. HP: 19/19 MP: 0/0
   223 | D:1      | Reached XP level 2. HP: 19/26 MP: 1/1
   617 | D:2      | Reached XP level 3. HP: 17/33 MP: 2/2
   897 | D:2      | Slain by a kobold

Vault maps used:
D:1:      tarquinn_simple_flora_water_c, item_on_display_a
D:2:      minivault_4

Skill      XL: |  1  2 |
---------------+-------+-----
Dodging        | 3 |  3.1
Fighting       | |  3.7
Stealth        | |  2.2
Unarmed Combat | |  3.7

Action                   || total
-------------------------++-------
Melee: Unarmed           ||    68
 Stab: Sleeping          ||     1
  Eat: Chunk             ||     3
Armor: Robe              ||     4
       Chain mail        ||    70
Dodge: Dodged            ||    58
